Moose vs IceHogs

Created - 25 avril 2024 at 03:55

Goals
1 2 3 T
Moose 0 0 0 0
IceHogs 1 0 1 2
Shots
1 2 3 T
Moose 7 5 9 21
IceHogs 12 14 8 34

1st period

1. IceHogs , Kirill Marchenko 1 (Nikolay Goldobin 1, Nils Lundkvist 1) at 18:47 (PP)

Penalties :
Roland Mckeown (MOO) for Roughing (Minor) at 17:35

2nd period

No Goal

Penalties :
Brett Leason (MOO) for Cross-checking (Minor) at 0:44, Kirill Marchenko (IcH) for Holding (Minor) at 7:01

3rd period

2. IceHogs , Reece Willcox 1 (Kirill Marchenko 1, Dominik Simon 1) at 12:11 (PP)

Penalties :
Jaycob Megna (MOO) for High sticking (Minor) at 12:05

Goalie Stats

Hunter Shepard (MOO), 32 saves from 34 shots - (0,941), L, 1-1-0, 60:00 minutes
Kevin Lankinen (IcH), 21 saves from 21 shots - (1,000), W, 1-0-0, 60:00 minutes

Players Stats for Moose

Player Name              G  A  P  +/- PIM S  H  SB GA TA FO     MP     PP MP  PK MP  
------------------------------------------------------------------------------------
Alec Regula              0  0  0   0  0   0  0  0  0  0  0/0    20:52   0:06   1:19 
Barrett Hayton           0  0  0   0  0   2  5  1  0  0  5/18   15:12   0:00   0:00 
Ben Meyers               0  0  0   0  0   3  1  0  0  0  0/1     6:09   0:00   1:05 
Brett Leason             0  0  0   0  2   0  2  0  0  0  1/2    16:33   0:06   0:00 
Cole Guttman             0  0  0   0  0   1  0  0  0  0  13/18  17:03   0:35   0:00 
Cole Perfetti            0  0  0   0  0   4  1  0  0  0  5/21   19:18   1:18   0:00 
Dylan Guenther           0  0  0   0  0   2  0  0  0  0  1/2    19:18   1:18   0:00 
Ethen Frank              0  0  0   0  0   0  1  0  0  0  2/11    7:37   0:00   2:33 
Henrik Rybinski          0  0  0   0  0   1  0  0  0  0  0/1     7:57   0:41   2:12 
Jaycob Megna             0  0  0   0  2   0  6  0  0  0  0/0    20:16   0:35   0:08 
Jayson Megna             0  0  0   0  0   3  0  0  0  0  1/2    16:37   0:41   0:44 
Jimmy Schuldt            0  0  0   0  0   0  2  2  0  0  0/0    15:51   0:00   0:00 
Josh Mahura              0  0  0   0  0   0  3  0  0  0  0/0    22:25   1:18   1:41 
Luke Evangelista         0  0  0   0  0   0  1  0  0  0  1/2    15:12   0:00   0:00 
Matt Kiersted            0  0  0   0  0   0  3  2  0  0  0/0    22:48   1:18   2:11 
Peyton Krebs             0  0  0   0  0   3  2  0  0  0  0/0    19:18   1:18   0:00 
Roland Mckeown           0  0  0   0  2   0  1  2  0  0  0/0    17:46   0:41   1:15 
Samuel Walker            0  0  0   0  0   2  0  0  0  0  0/0    16:28   0:00   0:00 

Players Stats for IceHogs

Player Name              G  A  P  +/- PIM S  H  SB GA TA FO     MP     PP MP  PK MP  
------------------------------------------------------------------------------------
Alexandre Texier         0  0  0   0  0   3  0  1  0  0  0/0    19:11   1:43   0:12 
Casey Nelson             0  0  0   0  0   0  0  2  0  0  0/0    16:01   0:00   0:35 
Colton White             0  0  0   0  0   1  1  0  0  0  0/0    21:03   1:56   0:57 
Danila Klimovich         0  0  0   0  0   2  0  0  0  0  0/0     7:32   0:00   0:00 
Dominik Simon            0  1  1   0  0   1  1  0  0  0  11/25  19:11   1:34   1:19 
Emilio Pettersen         0  0  0   0  0   1  0  0  0  0  1/1     5:39   0:00   0:00 
Igor Ozhiganov           0  0  0   0  0   0  1  2  0  0  0/0    16:01   0:00   0:35 
Jesper Boqvist           0  0  0   0  0   3  0  0  0  0  0/1    15:31   0:00   0:00 
Justin Kirkland          0  0  0   0  0   0  2  0  0  0  0/0     7:26   0:00   0:00 
Kirill Marchenko         1  1  2   0  2   7  4  0  0  0  1/2    18:24   1:34   0:00 
Markus Niemelainen       0  0  0   0  0   0  1  2  0  0  0/0    22:56   1:21   0:27 
Nikolay Goldobin         0  1  1   0  0   2  0  0  0  0  0/0    18:07   1:34   0:15 
Nils Lundkvist           0  1  1   0  0   1  0  1  0  0  0/0    22:56   1:21   0:27 
Otto Somppi              0  0  0   0  0   0  0  0  0  0  5/5     5:39   0:00   0:00 
Raphael Lavoie           0  0  0   0  0   0  3  0  0  0  13/20  16:47   0:00   1:16 
Reece Willcox            1  0  1   0  0   1  4  0  0  0  0/0    21:03   1:56   0:57 
Rem Pitlick              0  0  0   0  0   6  0  1  0  0  16/22  19:27   1:43   0:28 
Rudolfs Balcers          0  0  0   0  0   6  1  0  0  0  2/2    25:06   1:43   0:28 

3 Stars

1 - Kevin Lankinen (IcH)
2 - Kirill Marchenko (IcH)
3 - Reece Willcox (IcH)

Power Play

Moose - 0 on 1 Attempt(s) - 0,00%
IceHogs - 2 on 3 Attempt(s) - 66,67%

Penalty Kill

Moose - 1 on 3 Attempt(s) - 33,33% - Score 0 goal in Penalty Kill
IceHogs - 1 on 1 Attempt(s) - 100,00% - Score 0 goal in Penalty Kill

Team Stat

Moose - Hits : 28 - Faceoff Wins : 29 - Blocked Shots : 7 - Penalty Minutes : 6
IceHogs - Hits : 18 - Faceoff Wins : 49 - Blocked Shots : 9 - Penalty Minutes : 2

Official

Referees : Brad Watson and Chris Brown
Linesman : Pat Richardson and Matt MacPherson

Game Notes

Danila Klimovich is injured at 10:12 of 2nd period (Sore Right Knee)

Finance

Level 1 -- Attendance: 3000 (100,00%) -- Ticket Income $105,000
Level 2 -- Attendance: 4000 (100,00%) -- Ticket Income $60,000
Total Attendance: 7000 (100,00%)
Total Ticket Income: $165,000
Other Income: $80,850
Total Income: $245,850

Moose

5 vs 5 Forward 
   Center                   Left Wing                Right Wing               Time % Phy DF OF 
 1 Cole Perfetti            Peyton Krebs             Dylan Guenther           34     1   2  2  
 2 Cole Guttman             Brett Leason             Samuel Walker            30     1   2  2  
 3 Barrett Hayton           Jayson Megna             Luke Evangelista         28     1   2  2  
 4 Ethen Frank              Ben Meyers               Henrik Rybinski          8      1   2  2  

5 vs 5 Defense 
   Defense                  Defense                                           Time % Phy DF OF 
 1 Matt Kiersted            Josh Mahura                                       36     1   2  2  
 2 Jaycob Megna             Alec Regula                                       35     1   2  2  
 3 Jimmy Schuldt            Roland Mckeown                                    29     1   2  2  
 4 Jaycob Megna             Josh Mahura                                       0      1   2  2  

PowerPlay Forward 
   Center                   Left Wing                Right Wing               Time % Phy DF OF 
 1 Cole Perfetti            Peyton Krebs             Dylan Guenther           60     1   1  3  
 2 Cole Guttman             Brett Leason             Jayson Megna             40     1   1  3  

PowerPlay Defense
   Defense                  Defense                                           Time % Phy DF OF 
 1 Alec Regula              Jaycob Megna                                      60     1   2  2  
 2 Josh Mahura              Matt Kiersted                                     40     1   2  2  

Penalty Kill 4 Players Forward 
   Center                   Wing                     Time % Phy DF OF 
 1 Ethen Frank              Henrik Rybinski          60     1   3  1  
 2 Jayson Megna             Ben Meyers               40     1   3  1  

Penalty Kill 4 Players Defense
   Defense                  Defense                  Time % Phy DF OF 
 1 Alec Regula              Josh Mahura              60     1   4  0  
 2 Matt Kiersted            Roland Mckeown           40     1   4  0  

Penalty Kill - 3 Players Forward 
   Forward                                           Time % Phy DF OF 
 1 Ethen Frank                                       50     0   5  0  
 2 Henrik Rybinski                                   50     0   5  0  

Penalty Kill - 3 Players Defense
   Defense                  Defense                  Time % Phy DF OF 
 1 Alec Regula              Jaycob Megna             50     1   4  0  
 2 Matt Kiersted            Roland Mckeown           50     1   4  0  

4 vs 4 Forward 
   Center                   Wing                     Time % Phy DF OF 
 1 Peyton Krebs             Cole Perfetti            50     1   2  2  
 2 Samuel Walker            Cole Guttman             50     1   2  2  

4 vs 4 Defense
   Defense                  Defense                  Time % Phy DF OF 
 1 Matt Kiersted            Jaycob Megna             50     1   2  2  
 2 Josh Mahura              Alec Regula              50     1   2  2  

Last Minutes Offensive
   Center                   Left Wing                Right Wing               Defense                  Defense                  
   Cole Perfetti            Peyton Krebs             Barrett Hayton           Jaycob Megna             Josh Mahura              

Last Minutes Defensive
   Center                   Left Wing                Right Wing               Defense                  Defense                  
   Cole Perfetti            Jayson Megna             Barrett Hayton           Josh Mahura              Alec Regula              

Goaltenders
Starting : Hunter Shepard           
Backup : Daniil Tarasov           

Extra Forwards
Normal : Cole Perfetti, Brett Leason, Ben Meyers - PP : Cole Perfetti, Brett Leason - PK : Ben Meyers
Extra Defensemen
Normal : Alec Regula, Matt Kiersted, Josh Mahura - PP : Josh Mahura - PK : Josh Mahura, Matt Kiersted
Penalty Shots
Ben Meyers, Cole Perfetti, Peyton Krebs, Jayson Megna, Dylan Guenther
Custom OT Lines Forwards
Brett Leason, Cole Perfetti, Cole Guttman, Jayson Megna, Dylan Guenther, Samuel Walker, Peyton Krebs, Ben Meyers, Luke Evangelista, Barrett Hayton
Custom OT Lines Defensemen
Jaycob Megna, Matt Kiersted, Josh Mahura, Jimmy Schuldt, Alec Regula

Scratches
Corson Ceulemans (Healthy), Ty Lewis (Healthy), Hayden Verbeek (Healthy), Skyler McKenzie (Healthy), Aidan Dudas (Healthy)
Sam Miletic (Healthy), Calen Addison (Broken Bone (Left Ankle) Injury), Cole Hults (Healthy), Logan Day (Healthy), Nick DeSimone (Healthy)
Peter Abbandonato (Healthy), Riley Woods (Healthy), Ty Pelton-Byce (Healthy), Tye Felhaber (Healthy), Drew Helleson (Healthy)
James Greenway (Healthy), Keean Washkurak (Healthy), Mathias Laferriere (Healthy), Tristen Nielsen (Healthy), Eamon McAdam (Healthy)
Jaxson Stauber (Healthy), Tyler Wall (Healthy)

IceHogs

5 vs 5 Forward 
   Center                   Left Wing                Right Wing               Time % Phy DF OF 
 1 Rem Pitlick              Rudolfs Balcers          Alexandre Texier         40     1   2  2  
 2 Dominik Simon            Kirill Marchenko         Nikolay Goldobin         30     1   2  2  
 3 Raphael Lavoie           Jesper Boqvist           Danila Klimovich         20     1   2  2  
 4 Otto Somppi              Emilio Pettersen         Rudolfs Balcers          10     1   2  2  

5 vs 5 Defense 
   Defense                  Defense                                           Time % Phy DF OF 
 1 Markus Niemelainen       Nils Lundkvist                                    40     1   2  2  
 2 Reece Willcox            Colton White                                      30     1   2  2  
 3 Casey Nelson             Igor Ozhiganov                                    20     1   2  2  
 4 Markus Niemelainen       Nils Lundkvist                                    10     1   2  2  

PowerPlay Forward 
   Center                   Left Wing                Right Wing               Time % Phy DF OF 
 1 Rem Pitlick              Rudolfs Balcers          Alexandre Texier         60     1   2  2  
 2 Dominik Simon            Kirill Marchenko         Nikolay Goldobin         40     1   2  2  

PowerPlay Defense
   Defense                  Defense                                           Time % Phy DF OF 
 1 Markus Niemelainen       Nils Lundkvist                                    60     1   2  2  
 2 Reece Willcox            Colton White                                      40     1   2  2  

Penalty Kill 4 Players Forward 
   Center                   Wing                     Time % Phy DF OF 
 1 Rudolfs Balcers          Rem Pitlick              60     1   2  2  
 2 Alexandre Texier         Kirill Marchenko         40     1   2  2  

Penalty Kill 4 Players Defense
   Defense                  Defense                  Time % Phy DF OF 
 1 Markus Niemelainen       Nils Lundkvist           60     1   2  2  
 2 Reece Willcox            Colton White             40     1   2  2  

Penalty Kill - 3 Players Forward 
   Forward                                           Time % Phy DF OF 
 1 Rudolfs Balcers                                   60     1   2  2  
 2 Rem Pitlick                                       40     1   2  2  

Penalty Kill - 3 Players Defense
   Defense                  Defense                  Time % Phy DF OF 
 1 Markus Niemelainen       Nils Lundkvist           60     1   2  2  
 2 Reece Willcox            Colton White             40     1   2  2  

4 vs 4 Forward 
   Center                   Wing                     Time % Phy DF OF 
 1 Rudolfs Balcers          Rem Pitlick              60     1   2  2  
 2 Alexandre Texier         Kirill Marchenko         40     1   2  2  

4 vs 4 Defense
   Defense                  Defense                  Time % Phy DF OF 
 1 Markus Niemelainen       Nils Lundkvist           60     1   2  2  
 2 Reece Willcox            Colton White             40     1   2  2  

Last Minutes Offensive
   Center                   Left Wing                Right Wing               Defense                  Defense                  
   Rem Pitlick              Rudolfs Balcers          Alexandre Texier         Markus Niemelainen       Nils Lundkvist           

Last Minutes Defensive
   Center                   Left Wing                Right Wing               Defense                  Defense                  
   Rem Pitlick              Rudolfs Balcers          Alexandre Texier         Markus Niemelainen       Nils Lundkvist           

Goaltenders
Starting : Kevin Lankinen           
Backup : Malcolm Subban           

Extra Forwards
Normal : Justin Kirkland, Jesper Boqvist, Raphael Lavoie - PP : Justin Kirkland, Jesper Boqvist - PK : Raphael Lavoie
Extra Defensemen
Normal : Casey Nelson, Igor Ozhiganov, Reece Willcox - PP : Casey Nelson - PK : Igor Ozhiganov, Reece Willcox
Penalty Shots
Rudolfs Balcers, Rem Pitlick, Alexandre Texier, Kirill Marchenko, Jesper Boqvist
Custom OT Lines Forwards
Rudolfs Balcers, Rem Pitlick, Alexandre Texier, Kirill Marchenko, Jesper Boqvist, Nikolay Goldobin, Dominik Simon, Raphael Lavoie, Otto Somppi, Emilio Pettersen
Custom OT Lines Defensemen
Markus Niemelainen, Nils Lundkvist, Reece Willcox, Colton White, Casey Nelson

Scratches
Albert Johansson (Healthy), Alexander Pashin (Healthy), Ryan Bourque (Healthy), Raivis Ansons (Healthy), Madison Bowey (Left Knee Injury)
Alexis Lafreniere (Lacerated Right Calf Injury), Ozzy Wiesblatt (Healthy), Olivier Leblanc (Healthy), Connor Hobbs (Healthy), Michael Prapavessis (Healthy)
Jordan Subban (Healthy), Bode Wilde (Healthy), Brogan Rafferty (Back Spasms Injury), Daniil Miromanov (Left Eye Injury), Adam Huska (Healthy)
Alexei Melnichuk (Healthy), Cale Morris (Healthy)

% Time on Ice - Moose

Lines # - Real PCT - Wanted PCT - Time Play
Normal Forward
1 - 33% - 34% - 18:00
2 - 30% - 30% - 16:28
3 - 28% - 28% - 15:12
4 - 9% - 8% - 5:04
Normal Defense
1 - 35% - 36% - 19:19
2 - 36% - 35% - 19:27
3 - 29% - 29% - 15:51
4 - 0% - 0% - 0:07
PP Forward
1 - 66% - 60% - 1:18
2 - 34% - 40% - 0:41
PP Defense
1 - 34% - 60% - 0:41
2 - 66% - 40% - 1:18
PK Forward
1 - 78% - 60% - 2:33
2 - 22% - 40% - 0:44
PK Defense
1 - 34% - 60% - 1:06
2 - 66% - 40% - 2:11
PK3 Forward
1 - 0% - 50%
2 - 0% - 50%
PK3 Defense
1 - 0% - 50%
2 - 0% - 50%
44 Forward
1 - 0% - 50%
2 - 0% - 50%
44 Defense
1 - 0% - 50%
2 - 0% - 50%
Last Minute Offensive  - 0:00
Last Minute Defensive  - 0:00
Total
Forward - 60:00
Defense - 60:00

% Time on Ice - IceHogs

Lines # - Real PCT - Wanted PCT - Time Play
Normal Forward
1 - 32% - 40% - 17:16
2 - 30% - 30% - 16:18
3 - 28% - 20% - 15:31
4 - 10% - 10% - 5:39
Normal Defense
1 - 36% - 40% - 19:28
2 - 33% - 30% - 18:10
3 - 28% - 20% - 15:26
4 - 3% - 10% - 1:40
PP Forward
1 - 52% - 60% - 1:43
2 - 48% - 40% - 1:34
PP Defense
1 - 41% - 60% - 1:21
2 - 59% - 40% - 1:56
PK Forward
1 - 77% - 60% - 1:32
2 - 23% - 40% - 0:27
PK Defense
1 - 23% - 60% - 0:27
2 - 77% - 40% - 1:32
PK3 Forward
1 - 0% - 60%
2 - 0% - 40%
PK3 Defense
1 - 0% - 60%
2 - 0% - 40%
44 Forward
1 - 0% - 60%
2 - 0% - 40%
44 Defense
1 - 0% - 60%
2 - 0% - 40%
Last Minute Offensive  - 0:00
Last Minute Defensive  - 0:00
Total
Forward - 60:00
Defense - 60:00

Play-by-Play

1st period


0:01 of 1st period - Rudolfs Balcers wins face-off versus Cole Perfetti in neutral zone.
0:21 of 1st period - Dylan Guenther is hit by Markus Niemelainen and loses puck.
0:32 of 1st period - Shot by Dylan Guenther.
0:32 of 1st period - Shot Blocked by Rem Pitlick.
0:34 of 1st period - Shot by Cole Perfetti.
0:34 of 1st period - Stopped by Kevin Lankinen without a rebound.
0:35 of 1st period - Cole Guttman wins face-off versus Dominik Simon in IceHogs zone.
0:46 of 1st period - Shot by Samuel Walker.
0:46 of 1st period - Stopped by Kevin Lankinen with a rebound.
1:02 of 1st period - Shot by Cole Guttman.
1:02 of 1st period - Stopped by Kevin Lankinen without a rebound.
1:03 of 1st period - Raphael Lavoie wins face-off versus Barrett Hayton in IceHogs zone.
1:40 of 1st period - Shot by Barrett Hayton.
1:40 of 1st period - Shot Blocked by Casey Nelson.
1:42 of 1st period - Shot by Barrett Hayton.
1:42 of 1st period - Shot Blocked by Casey Nelson.
1:44 of 1st period - Shot by Barrett Hayton.
1:44 of 1st period - Shot Blocked by Igor Ozhiganov.
2:28 of 1st period - Shot by Rem Pitlick.
2:28 of 1st period - Stopped by Hunter Shepard without a rebound.
2:29 of 1st period - Cole Guttman wins face-off versus Dominik Simon in Moose zone.
2:33 of 1st period - Brett Leason is hit by Reece Willcox.
2:43 of 1st period - Shot by Samuel Walker.
2:43 of 1st period - Deflect By Cole Guttman.
2:43 of 1st period - Shot Misses the Net.
2:51 of 1st period - Shot by Samuel Walker.
2:51 of 1st period - Stopped by Kevin Lankinen without a rebound.
2:52 of 1st period - Otto Somppi wins face-off versus Cole Perfetti in IceHogs zone.
3:03 of 1st period - Shot by Rudolfs Balcers.
3:03 of 1st period - Shot Misses the Net.
3:11 of 1st period - Shot by Peyton Krebs.
3:11 of 1st period - Shot Blocked by Nils Lundkvist.
3:13 of 1st period - Shot by Dylan Guenther.
3:13 of 1st period - Stopped by Kevin Lankinen with a rebound.
3:15 of 1st period - Shot by Peyton Krebs.
3:15 of 1st period - Shot Blocked by Markus Niemelainen.
3:48 of 1st period - Nils Lundkvist is hit by Barrett Hayton and loses puck.
4:24 of 1st period - Shot by Barrett Hayton.
4:24 of 1st period - Stopped by Kevin Lankinen without a rebound.
4:25 of 1st period - Cole Guttman wins face-off versus Dominik Simon in IceHogs zone.
4:25 of 1st period - Cole Guttman is hit by Colton White.
5:10 of 1st period - Alec Regula is hit by Reece Willcox and loses puck.
5:30 of 1st period - Icing by Danila Klimovich.
5:31 of 1st period - Raphael Lavoie wins face-off versus Cole Perfetti in IceHogs zone.
6:32 of 1st period - Icing by Josh Mahura.
6:33 of 1st period - Dominik Simon wins face-off versus Cole Perfetti in Moose zone.
6:40 of 1st period - Shot by Kirill Marchenko.
6:40 of 1st period - Stopped by Hunter Shepard with a rebound.
6:58 of 1st period - Off-side.
6:59 of 1st period - Luke Evangelista wins face-off versus Rem Pitlick in neutral zone.
7:03 of 1st period - Icing by Colton White.
7:04 of 1st period - Rem Pitlick wins face-off versus Barrett Hayton in IceHogs zone.
7:27 of 1st period - Rudolfs Balcers is hit by Roland Mckeown and loses puck.
7:37 of 1st period - Rem Pitlick is hit by Jimmy Schuldt and loses puck.
7:42 of 1st period - Shot by Rudolfs Balcers.
7:42 of 1st period - Shot Misses the Net.
8:06 of 1st period - Off-side.
8:07 of 1st period - Dominik Simon wins face-off versus Ethen Frank in neutral zone.
8:11 of 1st period - Icing by Alec Regula.
8:12 of 1st period - Dominik Simon wins face-off versus Henrik Rybinski in Moose zone.
8:35 of 1st period - Shot by Nikolay Goldobin.
8:35 of 1st period - Shot Misses the Net.
9:12 of 1st period - Icing by Matt Kiersted.
9:13 of 1st period - Rem Pitlick wins face-off versus Cole Guttman in Moose zone.
9:16 of 1st period - Shot by Rem Pitlick.
9:16 of 1st period - Shot Misses the Net.
9:18 of 1st period - Shot by Rem Pitlick.
9:18 of 1st period - Stopped by Hunter Shepard without a rebound.
9:19 of 1st period - Cole Guttman wins face-off versus Rem Pitlick in Moose zone.
9:29 of 1st period - Shot by Cole Guttman.
9:29 of 1st period - Deflect By Samuel Walker.
9:29 of 1st period - Shot Misses the Net.
10:42 of 1st period - Shot by Cole Perfetti.
10:42 of 1st period - Stopped by Kevin Lankinen without a rebound.
10:43 of 1st period - Dominik Simon wins face-off versus Barrett Hayton in IceHogs zone.
10:54 of 1st period - Icing by Alec Regula.
10:55 of 1st period - Raphael Lavoie wins face-off versus Barrett Hayton in Moose zone.
11:48 of 1st period - Casey Nelson is hit by Peyton Krebs and loses puck.
11:54 of 1st period - Raphael Lavoie is hit by Josh Mahura and loses puck.
12:02 of 1st period - Icing by Matt Kiersted.
12:03 of 1st period - Cole Perfetti wins face-off versus Kirill Marchenko in Moose zone.
12:03 of 1st period - Cole Perfetti is hit by Kirill Marchenko.
12:06 of 1st period - Matt Kiersted is hit by Kirill Marchenko and loses puck.
12:13 of 1st period - Shot by Dominik Simon.
12:13 of 1st period - Stopped by Hunter Shepard with a rebound.
12:15 of 1st period - Shot by Nikolay Goldobin.
12:15 of 1st period - Stopped by Hunter Shepard with a rebound.
12:17 of 1st period - Shot by Markus Niemelainen.
12:17 of 1st period - Shot Blocked by Matt Kiersted.
12:22 of 1st period - Dominik Simon is hit by Josh Mahura and loses puck.
12:31 of 1st period - Shot by Markus Niemelainen.
12:31 of 1st period - Shot Blocked by Matt Kiersted.
12:33 of 1st period - Shot by Nikolay Goldobin.
12:33 of 1st period - Shot Misses the Net.
12:42 of 1st period - Nikolay Goldobin is hit by Josh Mahura and loses puck.
13:40 of 1st period - Icing by Danila Klimovich.
13:41 of 1st period - Barrett Hayton wins face-off versus Raphael Lavoie in IceHogs zone.
13:47 of 1st period - Luke Evangelista is hit by Igor Ozhiganov and loses puck.
14:22 of 1st period - Raphael Lavoie is hit by Jaycob Megna and loses puck.
14:44 of 1st period - Icing by Markus Niemelainen.
14:45 of 1st period - Cole Guttman wins face-off versus Dominik Simon in IceHogs zone.
15:06 of 1st period - Shot by Dominik Simon.
15:06 of 1st period - Shot Misses the Net.
15:08 of 1st period - Shot by Kirill Marchenko.
15:08 of 1st period - Stopped by Hunter Shepard with a rebound.
15:38 of 1st period - Reece Willcox is hit by Brett Leason and loses puck.
16:28 of 1st period - Icing by Josh Mahura.
16:29 of 1st period - Raphael Lavoie wins face-off versus Cole Perfetti in Moose zone.
16:40 of 1st period - Shot by Danila Klimovich.
16:40 of 1st period - Stopped by Hunter Shepard without a rebound.
16:41 of 1st period - Barrett Hayton wins face-off versus Dominik Simon in Moose zone.
17:10 of 1st period - Shot by Dominik Simon.
17:10 of 1st period - Shot Misses the Net.
17:12 of 1st period - Shot by Kirill Marchenko.
17:12 of 1st period - Stopped by Hunter Shepard without a rebound.
17:13 of 1st period - Ethen Frank wins face-off versus Raphael Lavoie in Moose zone.
17:34 of 1st period - Shot by Raphael Lavoie.
17:34 of 1st period - Shot Blocked by Jimmy Schuldt.
17:35 of 1st period - Minor Penalty to Roland Mckeown for Roughing.
17:36 of 1st period - Rem Pitlick wins face-off versus Ethen Frank in Moose zone.
17:39 of 1st period - Shot by Rudolfs Balcers.
17:39 of 1st period - Deflect By Rem Pitlick.
17:39 of 1st period - Stopped by Hunter Shepard with a rebound.
18:16 of 1st period - Shot by Rudolfs Balcers.
18:16 of 1st period - Stopped by Hunter Shepard with a rebound.
18:18 of 1st period - Shot by Reece Willcox.
18:18 of 1st period - Shot Misses the Net.
18:45 of 1st period - Shot by Nikolay Goldobin.
18:45 of 1st period - Stopped by Hunter Shepard with a rebound.
18:47 of 1st period - Shot by Kirill Marchenko.
18:47 of 1st period - Goal by Kirill Marchenko - Moose : 0 - IceHogs : 1.
18:48 of 1st period - Raphael Lavoie wins face-off versus Cole Guttman in neutral zone.
19:10 of 1st period - Icing by Casey Nelson.
19:11 of 1st period - Raphael Lavoie wins face-off versus Cole Perfetti in IceHogs zone.
Goals for this period are 0 for Moose vs 1 for IceHogs.
Shots for this period are 7 for Moose vs 12 for IceHogs.

2nd period


0:01 of 2nd period - Barrett Hayton wins face-off versus Rem Pitlick in neutral zone.
0:20 of 2nd period - Shot by Jayson Megna.
0:20 of 2nd period - Stopped by Kevin Lankinen without a rebound.
0:21 of 2nd period - Cole Guttman wins face-off versus Dominik Simon in IceHogs zone.
0:25 of 2nd period - Icing by Reece Willcox.
0:26 of 2nd period - Cole Guttman wins face-off versus Dominik Simon in IceHogs zone.
0:44 of 2nd period - Minor Penalty to Brett Leason for Cross-checking.
0:45 of 2nd period - Rem Pitlick wins face-off versus Ethen Frank in Moose zone.
0:57 of 2nd period - Shot by Rudolfs Balcers.
0:57 of 2nd period - Stopped by Hunter Shepard with a rebound.
0:59 of 2nd period - Shot by Nils Lundkvist.
0:59 of 2nd period - Shot Blocked by Roland Mckeown.
1:01 of 2nd period - Shot by Rem Pitlick.
1:01 of 2nd period - Stopped by Hunter Shepard with a rebound.
1:03 of 2nd period - Shot by Rudolfs Balcers.
1:03 of 2nd period - Stopped by Hunter Shepard with a rebound.
1:05 of 2nd period - Shot by Nils Lundkvist.
1:05 of 2nd period - Stopped by Hunter Shepard with a rebound.
1:07 of 2nd period - Shot by Alexandre Texier.
1:07 of 2nd period - Shot Misses the Net.
1:09 of 2nd period - Shot by Alexandre Texier.
1:09 of 2nd period - Stopped by Hunter Shepard without a rebound.
1:10 of 2nd period - Dominik Simon wins face-off versus Ethen Frank in Moose zone.
1:13 of 2nd period - Shot by Dominik Simon.
1:13 of 2nd period - Deflect By Kirill Marchenko.
1:13 of 2nd period - Shot Misses the Net.
1:22 of 2nd period - Shot by Kirill Marchenko.
1:22 of 2nd period - Stopped by Hunter Shepard without a rebound.
1:23 of 2nd period - Rem Pitlick wins face-off versus Ethen Frank in Moose zone.
1:40 of 2nd period - Shot by Rem Pitlick.
1:40 of 2nd period - Stopped by Hunter Shepard without a rebound.
1:41 of 2nd period - Jayson Megna wins face-off versus Dominik Simon in Moose zone.
1:50 of 2nd period - Roland Mckeown is hit by Dominik Simon and loses puck.
2:38 of 2nd period - Markus Niemelainen is hit by Ben Meyers and loses puck.
2:50 of 2nd period - Shot by Peyton Krebs.
2:50 of 2nd period - Stopped by Kevin Lankinen without a rebound.
2:51 of 2nd period - Rem Pitlick wins face-off versus Cole Guttman in IceHogs zone.
3:31 of 2nd period - Off-side.
3:32 of 2nd period - Raphael Lavoie wins face-off versus Barrett Hayton in neutral zone.
3:39 of 2nd period - Shot by Jesper Boqvist.
3:39 of 2nd period - Stopped by Hunter Shepard without a rebound.
3:40 of 2nd period - Dylan Guenther wins face-off versus Dominik Simon in Moose zone.
4:37 of 2nd period - Off-side.
4:38 of 2nd period - Rem Pitlick wins face-off versus Barrett Hayton in neutral zone.
4:56 of 2nd period - Off-side.
4:57 of 2nd period - Brett Leason wins face-off versus Raphael Lavoie in neutral zone.
5:16 of 2nd period - Shot by Raphael Lavoie.
5:16 of 2nd period - Shot Misses the Net.
5:26 of 2nd period - Shot by Danila Klimovich.
5:26 of 2nd period - Shot Hit the Post.
5:38 of 2nd period - Shot by Jesper Boqvist.
5:38 of 2nd period - Shot Misses the Net.
6:40 of 2nd period - Shot by Barrett Hayton.
6:40 of 2nd period - Shot Misses the Net.
6:42 of 2nd period - Shot by Josh Mahura.
6:42 of 2nd period - Shot Misses the Net.
6:54 of 2nd period - Shot by Jayson Megna.
6:54 of 2nd period - Deflect By Barrett Hayton.
6:54 of 2nd period - Shot Misses the Net.
6:56 of 2nd period - Shot by Jayson Megna.
6:56 of 2nd period - Stopped by Kevin Lankinen without a rebound.
6:57 of 2nd period - Kirill Marchenko wins face-off versus Cole Perfetti in IceHogs zone.
7:01 of 2nd period - Minor Penalty to Kirill Marchenko for Holding.
7:02 of 2nd period - Raphael Lavoie wins face-off versus Cole Perfetti in IceHogs zone.
9:28 of 2nd period - Shot by Ethen Frank.
9:28 of 2nd period - Deflect By Ben Meyers.
9:28 of 2nd period - Stopped by Kevin Lankinen with a rebound.
9:31 of 2nd period - Icing by Reece Willcox.
9:32 of 2nd period - Otto Somppi wins face-off versus Barrett Hayton in IceHogs zone.
9:56 of 2nd period - Shot by Danila Klimovich.
9:56 of 2nd period - Stopped by Hunter Shepard with a rebound.
10:07 of 2nd period - Jesper Boqvist is hit by Jaycob Megna and loses puck.
10:11 of 2nd period - Danila Klimovich is hit by Jaycob Megna and loses puck.
10:12 of 2nd period - Danila Klimovich from IceHogs is injured at 10:12 of 2nd period (Sore Right Knee).
10:13 of 2nd period - Dominik Simon wins face-off versus Cole Guttman in Moose zone.
10:25 of 2nd period - Off-side.
10:26 of 2nd period - Cole Perfetti wins face-off versus Raphael Lavoie in neutral zone.
11:34 of 2nd period - Icing by Roland Mckeown.
11:35 of 2nd period - Cole Guttman wins face-off versus Rem Pitlick in Moose zone.
12:17 of 2nd period - Shot by Alexandre Texier.
12:17 of 2nd period - Stopped by Hunter Shepard with a rebound.
14:13 of 2nd period - Shot by Rudolfs Balcers.
14:13 of 2nd period - Stopped by Hunter Shepard without a rebound.
14:14 of 2nd period - Otto Somppi wins face-off versus Ethen Frank in Moose zone.
14:15 of 2nd period - Shot by Rudolfs Balcers.
14:15 of 2nd period - Stopped by Hunter Shepard with a rebound.
14:37 of 2nd period - Shot by Ben Meyers.
14:37 of 2nd period - Stopped by Kevin Lankinen without a rebound.
14:38 of 2nd period - Cole Guttman wins face-off versus Dominik Simon in IceHogs zone.
14:45 of 2nd period - Shot by Samuel Walker.
14:45 of 2nd period - Deflect By Cole Guttman.
14:45 of 2nd period - Shot Misses the Net.
15:08 of 2nd period - Shot by Brett Leason.
15:08 of 2nd period - Shot Misses the Net.
15:10 of 2nd period - Shot by Brett Leason.
15:10 of 2nd period - Shot Misses the Net.
16:05 of 2nd period - Icing by Dylan Guenther.
16:06 of 2nd period - Rem Pitlick wins face-off versus Cole Perfetti in Moose zone.
16:06 of 2nd period - Rem Pitlick is hit by Jaycob Megna.
16:12 of 2nd period - Shot by Rudolfs Balcers.
16:12 of 2nd period - Shot Misses the Net.
16:14 of 2nd period - Shot by Alexandre Texier.
16:14 of 2nd period - Shot Misses the Net.
16:16 of 2nd period - Shot by Colton White.
16:16 of 2nd period - Stopped by Hunter Shepard without a rebound.
16:17 of 2nd period - Rem Pitlick wins face-off versus Luke Evangelista in Moose zone.
16:20 of 2nd period - Shot by Rem Pitlick.
16:20 of 2nd period - Shot Misses the Net.
16:22 of 2nd period - Shot by Alexandre Texier.
16:22 of 2nd period - Shot Misses the Net.
16:49 of 2nd period - Icing by Barrett Hayton.
16:50 of 2nd period - Barrett Hayton wins face-off versus Raphael Lavoie in Moose zone.
16:50 of 2nd period - Barrett Hayton is hit by Raphael Lavoie.
17:14 of 2nd period - Barrett Hayton is hit by Raphael Lavoie and loses puck.
17:24 of 2nd period - Jayson Megna is hit by Justin Kirkland and loses puck.
17:29 of 2nd period - Jayson Megna is hit by Justin Kirkland.
17:51 of 2nd period - Shot by Emilio Pettersen.
17:51 of 2nd period - Shot Blocked by Roland Mckeown.
17:53 of 2nd period - Shot by Rudolfs Balcers.
17:53 of 2nd period - Shot Blocked by Barrett Hayton.
17:55 of 2nd period - Shot by Emilio Pettersen.
17:55 of 2nd period - Shot Misses the Net.
18:11 of 2nd period - Shot by Rudolfs Balcers.
18:11 of 2nd period - Shot Misses the Net.
18:13 of 2nd period - Shot by Rudolfs Balcers.
18:13 of 2nd period - Stopped by Hunter Shepard without a rebound.
18:14 of 2nd period - Dominik Simon wins face-off versus Cole Perfetti in Moose zone.
18:14 of 2nd period - Dominik Simon is hit by Matt Kiersted.
18:26 of 2nd period - Shot by Kirill Marchenko.
18:26 of 2nd period - Shot Misses the Net.
18:28 of 2nd period - Shot by Dominik Simon.
18:28 of 2nd period - Shot Misses the Net.
18:30 of 2nd period - Shot by Dominik Simon.
18:30 of 2nd period - Deflect By Kirill Marchenko.
18:30 of 2nd period - Shot Misses the Net.
18:48 of 2nd period - Shot by Peyton Krebs.
18:48 of 2nd period - Shot Misses the Net.
19:15 of 2nd period - Josh Mahura is hit by Reece Willcox and loses puck.
19:29 of 2nd period - Icing by Alec Regula.
19:30 of 2nd period - Cole Guttman wins face-off versus Jesper Boqvist in Moose zone.
19:44 of 2nd period - Shot by Cole Guttman.
19:44 of 2nd period - Shot Misses the Net.
19:57 of 2nd period - Icing by Jesper Boqvist.
19:58 of 2nd period - Raphael Lavoie wins face-off versus Ethen Frank in IceHogs zone.
Goals for this period are 0 for Moose vs 0 for IceHogs.
Shots for this period are 5 for Moose vs 14 for IceHogs.

3rd period


0:01 of 3rd period - Rem Pitlick wins face-off versus Cole Perfetti in neutral zone.
0:01 of 3rd period - Rudolfs Balcers is hit by Cole Perfetti and loses puck.
1:14 of 3rd period - Dominik Simon is hit by Barrett Hayton and loses puck.
1:37 of 3rd period - Alec Regula is hit by Kirill Marchenko and loses puck.
2:02 of 3rd period - Shot by Samuel Walker.
2:02 of 3rd period - Deflect By Cole Guttman.
2:02 of 3rd period - Shot Blocked by Igor Ozhiganov.
2:07 of 3rd period - Jesper Boqvist is hit by Brett Leason and loses puck.
2:22 of 3rd period - Shot by Casey Nelson.
2:22 of 3rd period - Shot Blocked by Jimmy Schuldt.
2:24 of 3rd period - Shot by Justin Kirkland.
2:24 of 3rd period - Shot Misses the Net.
2:26 of 3rd period - Shot by Jesper Boqvist.
2:26 of 3rd period - Shot Hit the Post.
2:49 of 3rd period - Rudolfs Balcers is hit by Jimmy Schuldt and loses puck.
2:52 of 3rd period - Shot by Alexandre Texier.
2:52 of 3rd period - Shot Misses the Net.
2:54 of 3rd period - Shot by Rudolfs Balcers.
2:54 of 3rd period - Shot Misses the Net.
4:03 of 3rd period - Off-side.
4:04 of 3rd period - Otto Somppi wins face-off versus Barrett Hayton in neutral zone.
4:04 of 3rd period - Rudolfs Balcers is hit by Jaycob Megna and loses puck.
4:09 of 3rd period - Shot by Emilio Pettersen.
4:09 of 3rd period - Stopped by Hunter Shepard without a rebound.
4:10 of 3rd period - Otto Somppi wins face-off versus Barrett Hayton in Moose zone.
4:13 of 3rd period - Shot by Emilio Pettersen.
4:13 of 3rd period - Shot Misses the Net.
4:38 of 3rd period - Shot by Rudolfs Balcers.
4:38 of 3rd period - Shot Misses the Net.
4:40 of 3rd period - Shot by Rudolfs Balcers.
4:40 of 3rd period - Shot Hit the Post.
5:04 of 3rd period - Shot by Ben Meyers.
5:04 of 3rd period - Stopped by Kevin Lankinen without a rebound.
5:05 of 3rd period - Raphael Lavoie wins face-off versus Cole Perfetti in IceHogs zone.
5:05 of 3rd period - Raphael Lavoie is hit by Peyton Krebs.
6:28 of 3rd period - Kirill Marchenko is hit by Matt Kiersted and loses puck.
7:05 of 3rd period - Alexandre Texier is hit by Luke Evangelista and loses puck.
7:27 of 3rd period - Icing by Alec Regula.
7:28 of 3rd period - Raphael Lavoie wins face-off versus Jayson Megna in Moose zone.
7:31 of 3rd period - Shot by Jesper Boqvist.
7:31 of 3rd period - Shot Misses the Net.
7:49 of 3rd period - Off-side.
7:50 of 3rd period - Dominik Simon wins face-off versus Cole Perfetti in neutral zone.
7:57 of 3rd period - Dylan Guenther is hit by Kirill Marchenko and loses puck.
8:01 of 3rd period - Roland Mckeown is hit by Reece Willcox and loses puck.
8:10 of 3rd period - Shot by Cole Perfetti.
8:10 of 3rd period - Stopped by Kevin Lankinen without a rebound.
8:11 of 3rd period - Ethen Frank wins face-off versus Rem Pitlick in IceHogs zone.
8:49 of 3rd period - Shot by Ethen Frank.
8:49 of 3rd period - Deflect By Henrik Rybinski.
8:49 of 3rd period - Stopped by Kevin Lankinen without a rebound.
8:50 of 3rd period - Cole Perfetti wins face-off versus Dominik Simon in IceHogs zone.
9:11 of 3rd period - Shot by Kirill Marchenko.
9:11 of 3rd period - Stopped by Hunter Shepard without a rebound.
9:12 of 3rd period - Barrett Hayton wins face-off versus Raphael Lavoie in Moose zone.
9:27 of 3rd period - Shot by Barrett Hayton.
9:27 of 3rd period - Stopped by Kevin Lankinen without a rebound.
9:28 of 3rd period - Rem Pitlick wins face-off versus Cole Perfetti in IceHogs zone.
9:57 of 3rd period - Shot by Alexandre Texier.
9:57 of 3rd period - Stopped by Hunter Shepard without a rebound.
9:58 of 3rd period - Cole Guttman wins face-off versus Dominik Simon in Moose zone.
11:04 of 3rd period - Shot by Dylan Guenther.
11:04 of 3rd period - Stopped by Kevin Lankinen without a rebound.
11:05 of 3rd period - Rem Pitlick wins face-off versus Barrett Hayton in IceHogs zone.
11:10 of 3rd period - Alexandre Texier is hit by Barrett Hayton and loses puck.
12:05 of 3rd period - Minor Penalty to Jaycob Megna for High sticking.
12:06 of 3rd period - Dominik Simon wins face-off versus Ethen Frank in Moose zone.
12:09 of 3rd period - Shot by Kirill Marchenko.
12:09 of 3rd period - Shot Misses the Net.
12:11 of 3rd period - Shot by Reece Willcox.
12:11 of 3rd period - Goal by Reece Willcox - Moose : 0 - IceHogs : 2.
12:12 of 3rd period - Cole Perfetti wins face-off versus Raphael Lavoie in neutral zone.
12:29 of 3rd period - Peyton Krebs is hit by Raphael Lavoie and loses puck.
12:41 of 3rd period - Raphael Lavoie is hit by Matt Kiersted and loses puck.
12:44 of 3rd period - Shot by Jesper Boqvist.
12:44 of 3rd period - Stopped by Hunter Shepard without a rebound.
12:45 of 3rd period - Cole Guttman wins face-off versus Rem Pitlick in Moose zone.
12:53 of 3rd period - Icing by Markus Niemelainen.
12:54 of 3rd period - Rudolfs Balcers wins face-off versus Ethen Frank in IceHogs zone.
13:09 of 3rd period - Icing by Markus Niemelainen.
13:10 of 3rd period - Rem Pitlick wins face-off versus Cole Perfetti in IceHogs zone.
13:28 of 3rd period - Shot by Rem Pitlick.
13:28 of 3rd period - Stopped by Hunter Shepard without a rebound.
13:29 of 3rd period - Cole Guttman wins face-off versus Dominik Simon in Moose zone.
14:38 of 3rd period - Shot by Peyton Krebs.
14:38 of 3rd period - Shot Blocked by Alexandre Texier.
14:42 of 3rd period - Shot by Cole Perfetti.
14:42 of 3rd period - Shot Misses the Net.
14:52 of 3rd period - Shot by Peyton Krebs.
14:52 of 3rd period - Stopped by Kevin Lankinen with a rebound.
14:54 of 3rd period - Shot by Peyton Krebs.
14:54 of 3rd period - Shot Blocked by Markus Niemelainen.
15:37 of 3rd period - Icing by Nils Lundkvist.
15:38 of 3rd period - Rem Pitlick wins face-off versus Barrett Hayton in IceHogs zone.
16:01 of 3rd period - Shot by Casey Nelson.
16:01 of 3rd period - Shot Misses the Net.
16:08 of 3rd period - Off-side.
16:09 of 3rd period - Dominik Simon wins face-off versus Ben Meyers in neutral zone.
16:48 of 3rd period - Shot by Kirill Marchenko.
16:48 of 3rd period - Shot Misses the Net.
17:04 of 3rd period - Justin Kirkland is hit by Ethen Frank and loses puck.
17:12 of 3rd period - Icing by Casey Nelson.
17:13 of 3rd period - Raphael Lavoie wins face-off versus Dylan Guenther in IceHogs zone.
17:27 of 3rd period - Shot by Cole Perfetti.
17:27 of 3rd period - Stopped by Kevin Lankinen without a rebound.
17:28 of 3rd period - Emilio Pettersen wins face-off versus Barrett Hayton in IceHogs zone.
17:28 of 3rd period - Emilio Pettersen is hit by Barrett Hayton.
17:41 of 3rd period - Barrett Hayton is hit by Rudolfs Balcers and loses puck.
18:08 of 3rd period - Shot by Jayson Megna.
18:08 of 3rd period - Stopped by Kevin Lankinen without a rebound.
18:09 of 3rd period - Dominik Simon wins face-off versus Cole Guttman in IceHogs zone.
18:20 of 3rd period - Shot by Dominik Simon.
18:20 of 3rd period - Deflect By Kirill Marchenko.
18:20 of 3rd period - Stopped by Hunter Shepard without a rebound.
18:21 of 3rd period - Raphael Lavoie wins face-off versus Cole Perfetti in Moose zone.
18:21 of 3rd period - Jesper Boqvist is hit by Jaycob Megna and loses puck.
18:40 of 3rd period - Shot by Jesper Boqvist.
18:40 of 3rd period - Stopped by Hunter Shepard with a rebound.
18:48 of 3rd period - Shot by Peyton Krebs.
18:48 of 3rd period - Stopped by Kevin Lankinen without a rebound.
18:49 of 3rd period - Rem Pitlick wins face-off versus Brett Leason in IceHogs zone.
19:42 of 3rd period - Icing by Colton White.
19:43 of 3rd period - Rem Pitlick wins face-off versus Barrett Hayton in IceHogs zone.
19:48 of 3rd period - Rudolfs Balcers is hit by Barrett Hayton.
19:57 of 3rd period - Off-side.
19:58 of 3rd period - Cole Perfetti wins face-off versus Dominik Simon in neutral zone.
Goals for this period are 0 for Moose vs 1 for IceHogs.
Shots for this period are 9 for Moose vs 8 for IceHogs.